Map: Washout LE

Players

LetaleX

  • Race: Protoss Protoss
  • League: Grandmaster
  • Spawn Location: 7:00

SKillous - Winner!

  • Race: Protoss Protoss
  • League: Grandmaster
  • Spawn Location: 1:00

Event: HomeStory Cup XXIX

VOD

Have the link to the VOD?

Description

Time

  • Played on: July 4, 2026, 1:22 p.m.
  • Length: 7:04

All games in this series

Show
View Real Time Build Order
Export as new Build Order

LetaleX Protoss 

Build Orders: Phoenix Opening 

Get SALT Encoding   

  8  0:00  Probe (Chrono Boost)  
  9  0:12  Probe (Chrono Boost)  
  10  0:19  Probe (Chrono Boost)  
  11  0:26  Probe  
  12  0:32  Pylon  
  12  0:38  Probe  
  13  0:50  Probe  
  13  0:54  Gateway  
  14  1:03  Probe (Chrono Boost)  
  15  1:04  Assimilator  
  15  1:14  Probe (Chrono Boost)  
  15  1:15  Assimilator  
  16  1:18  Probe (Chrono Boost)  
  17  1:29  Probe  
  17  1:31  Gateway  
  18  1:41  Probe  
  18  1:44  Cybernetics Core  
  19  1:53  Probe  
  20  1:55  Pylon  
  20  2:05  Probe  
  21  2:20  Stalker, Warp Gate  
  21  2:22  Stalker  
  26  2:30  Probe  
  26  2:33  Pylon  
  26  2:41  Pylon  
  26  2:45  Probe  
  26  2:47  Sentry  
  29  2:58  Probe  
  30  3:12  Nexus  
  30  3:16  Probe  
  31  3:20  Sentry  
  33  3:27  Pylon  
  33  3:28  Probe  
  33  3:33  Phoenix  
  32  3:40  Probe (Chrono Boost)  
  32  3:41  Twilight Council  
  33  3:52  Probe (Chrono Boost)  
  34  4:01  Probe (Chrono Boost)  
  34  4:02  Stalker  
  37  4:04  Stalker, Blink (Chrono Boost)  
  37  4:07  Probe (Chrono Boost)  
  40  4:19  Probe (Chrono Boost)  
  41  4:26  Phoenix  
  41  4:27  Probe (Chrono Boost)  
  41  4:28  Probe (Chrono Boost)  
  43  4:34  Stalker  
  43  4:35  Probe (Chrono Boost)  
  43  4:36  Probe (Chrono Boost)  
  47  4:40  Probe (Chrono Boost)  
  47  4:41  Stalker  
  47  4:45  Probe  
  51  4:50  Pylon  
  51  4:52  Probe  
  52  4:55  Stalker  
  52  4:57  Probe  
  55  5:05  Probe  
  56  5:12  Gateway, Pylon  
  56  5:14  Gateway  
  56  5:16  Probe  
  57  5:21  Assimilator  
  57  5:28  Gateway  
  57  5:30  Gateway  
  57  5:37  Shield Battery, Pylon  
  57  5:39  Stalker  
  57  5:40  Stalker  
  58  5:55  Pylon  
  54  6:03  Stalker x2  
  53  6:13  Stalker x2  
  40  6:26  Stalker x2  
  38  6:37  Zealot  
  38  6:38  Zealot x3  
Show
View Real Time Build Order
Export as new Build Order

SKillous Protoss - Winner!

Build Orders: Phoenix Opening 

Get SALT Encoding   

  8  0:00  Probe (Chrono Boost)  
  9  0:12  Probe (Chrono Boost)  
  10  0:17  Probe (Chrono Boost)  
  11  0:26  Probe  
  12  0:31  Pylon  
  12  0:39  Probe  
  13  0:51  Probe  
  13  0:54  Gateway  
  14  1:00  Assimilator  
  14  1:04  Probe (Chrono Boost)  
  15  1:14  Probe (Chrono Boost)  
  16  1:19  Probe (Chrono Boost)  
  16  1:24  Gateway  
  17  1:31  Probe  
  18  1:40  Cybernetics Core  
  18  1:43  Probe  
  19  1:50  Assimilator  
  19  1:55  Probe  
  19  2:01  Pylon  
  20  2:07  Probe  
  21  2:17  Warp Gate  
  21  2:19  Sentry, Probe  
  21  2:20  Phoenix  
  26  2:27  Stalker  
  26  2:31  Probe  
  26  2:36  Pylon  
  27  2:43  Probe  
  28  2:54  Sentry  
  28  2:55  Probe  
  31  3:12  Nexus  
  31  3:15  Probe  
  32  3:20  Shield Battery  
  32  3:24  Sentry  
  32  3:43  Probe  
  32  3:44  Pylon  
  32  3:47  Robotics Facility  
  33  3:55  Probe (Chrono Boost)  
  34  3:59  Adept  
  34  4:01  Phoenix  
  34  4:02  Adept  
  38  4:07  Probe (Chrono Boost)  
  39  4:14  Probe (Chrono Boost)  
  40  4:19  Stalker  
  40  4:21  Stalker  
  44  4:25  Probe (Chrono Boost)  
  44  4:30  Probe (Chrono Boost)  
  46  4:34  Immortal (Chrono Boost)  
  46  4:35  Probe (Chrono Boost)  
  51  4:38  Sentry  
  51  4:41  Probe x2  
  55  4:47  Pylon  
  55  4:53  Probe  
  55  4:55  Sentry  
  58  5:01  Pylon  
  58  5:05  Probe  
  58  5:06  Immortal (Chrono Boost)  
  63  5:08  Probe  
  63  5:12  Pylon  
  64  5:17  Probe  
  64  5:19  Pylon  
  65  5:22  Probe  
  66  5:29  Assimilator  
  66  5:38  Pylon, Stalker x2  
  70  5:46  Probe  
  71  5:51  Immortal (Chrono Boost)  
  73  5:58  Probe x2  
  73  6:04  Adept x2  
  73  6:10  Probe x2  
  79  6:11  Assimilator  
  79  6:13  Pylon  
  79  6:17  Forge  
  79  6:20  Immortal (Chrono Boost)  
  76  6:26  Adept x2  
  79  6:33  Pylon  
  79  6:39  Twilight Council  
  77  6:42  Gateway  
Tags
 
Add a new tag
Caveats
  • Supply blocks, unpowered buildings, or Contaminate may cause inaccurate times.
  • Supply counts are checked every 10 seconds.